 Dungeon Crawl Stone Soup version 0.29-a0-344-ge2f44be95a (webtiles) character file.

Game seed: 9300895409027940789

1809 croobank the Envoy of Void (level 8, -5/64 HPs)
             Began as a Demonspawn Abyssal Knight on Apr 21, 2022.
             Was a High Priest of Lugonu.
             Slain by Duvessa
             ... wielding a +0 short sword
              (16 damage)
             ... on level 5 of the Dungeon.
             The game lasted 00:20:20 (5672 turns).

croobank the Envoy of Void (DsAK)                   Turns: 5672, Time: 00:20:21

Health: -5/64      AC: 24    Str: 15    XL:     8   Next: 84%
Magic:  9/13       EV:  6    Int: 24    God:    Lugonu [*****.]
Gold:   16         SH:  0    Dex: 20    Spells: 7/7 levels left

rFire   . . .      SeeInvis .   a - +7 hand axe of the Penguin {vorpal, Int+7 Dex+5}
rCold   . . .      Faith    .   (no shield)
rNeg    . . .      Spirit   .   y - +0 plate armour
rPois   .          Reflect  .   (helmet restricted)
rElec   .          Harm     .   (no cloak)
rCorr   .          Rampage  .   B - +4 pair of gloves "Osipotam" {Stlth+}
Will    .....                   q - +0 pair of boots
Stlth   ..........              E - amulet of regeneration
HPRegen 1.00/turn               d - +6 ring of intelligence
MPRegen 0.13/turn               (no ring)

@: sanguine armoured, hasted, very quick
A: horns 1, powered by death 2, sanguine armour 1
a: Renounce Religion, Depart the Abyss, Bend Space, Banish, Corrupt, Enter the
Abyss


You were on level 5 of the Dungeon.
You worshipped Lugonu.
Lugonu was extremely pleased with you.
You visited 1 branch of the dungeon, and saw 6 of its levels.
You visited the Abyss 1 time.
You also visited: Sewer.

You collected 376 gold pieces.
You spent 360 gold pieces at shops.

Inventory:

Hand Weapons
 a - the +7 hand axe of the Penguin (weapon) {vorpal, Int+7 Dex+5}
   (You found it on level 3 of the Dungeon)

   It inflicts extra damage upon your enemies.
   Int:       It affects your intelligence (+7).
   Dex:       It affects your dexterity (+5).
 b - a +0 hunting sling
 n - a +0 mace of protection
 r - a +3 whip of electrocution
 x - a +2 dagger of speed
 I - a +0 morningstar
Missiles
 h - 200 stones
 m - 8 boomerangs
 v - 3 javelins (quivered)
Armour
 j - a +1 leather armour of fire resistance
 o - a +0 ring mail
 q - a +0 pair of boots (worn)
 w - a +1 helmet
 y - a +0 plate armour (worn)
 B - the +4 pair of gloves "Osipotam" (worn) {Stlth+}
   (You found it on level 5 of the Dungeon)

   Stlth:     It makes you more stealthy.
 F - a +0 chain mail
Jewellery
 d - a +6 ring of intelligence (left hand)
 e - an amulet of the acrobat
 l - a +4 ring of evasion
 E - an amulet of regeneration (around neck)
Wands
 g - a wand of flame (19)
 H - a wand of polymorph (4)
Scrolls
 s - a scroll of silence
 C - a scroll of enchant armour
Potions
 c - 3 potions of flight
 f - 2 potions of curing
 i - a potion of lignification {unknown}
 k - a potion of heal wounds {unknown}
 p - 3 potions of degeneration {unknown}
 t - 3 potions of might {unknown}
 u - a potion of brilliance {unknown}
 z - 2 potions of haste
 A - a potion of ambrosia {unknown}
 D - 3 potions of mutation


   Skills:
 + Level 5.9 Fighting
 + Level 4.9 Axes
 + Level 5.0 Armour
 + Level 4.5 Dodging
 + Level 7.1 Invocations


You had 7 spell levels left.
You didn't know any spells.
Your spell library contained the following spells:

 Spells                   Type           Power      Damage    Failure   Level
 Shock                    Conj/Air       0%         1d3       100%        1
 Call Canine Familiar     Summ           0%         N/A       100%        3
 Portal Projectile        Hex/Tloc       0%         N/A       100%        3
 Swiftness                Air            0%         N/A       100%        3
 Airstrike                Air            0%         N/A       100%        4
 Leda's Liquefaction      Hex/Erth       0%         N/A       100%        4
 Dispersal                Tloc           0%         N/A       100%        6
 Disjunction              Tloc           0%         N/A       100%        8


Dungeon Overview and Level Annotations

Branches:
Dungeon (6/15)              Sewer (visited)
 Temple: D:4-7

Altars:
Ashenzari
Gozag
Qazlal
Xom

Shops:
D:1 =   D:5 [(

Annotations:
D:5 Duvessa


Innate Abilities, Weirdness & Mutations

You have a pair of small horns on your head.
You regenerate health from kills.
When seriously injured, your blood forms armour. (AC +6)


Message History

Unknown command.
You hit Duvessa.
Duvessa is moderately wounded.
Duvessa hits you with a +0 short sword! Duvessa hits you with a +0 short sword.
You hit Duvessa. You headbutt Duvessa.
Duvessa is moderately wounded.
Duvessa hits you with a +0 short sword!
* * * LOW HITPOINT WARNING * * *
Okay, then.
You feel yourself speed up. Duvessa hits you but does no damage.
Duvessa hits you with a +0 short sword.
* * * LOW HITPOINT WARNING * * *
You hit Duvessa but do no damage.
Duvessa is moderately wounded.
Duvessa hits you with a +0 short sword.
* * * LOW HITPOINT WARNING * * *
There is a stone staircase leading down here.
Duvessa attacks as you move away! Duvessa hits you with a +0 short sword!
* * * LOW HITPOINT WARNING * * *
Okay, then.
Okay, then.
As you read the scroll of identify, it crumbles to dust.
C - a scroll of enchant armour Duvessa hits you but does no damage.
Okay, then.
There is an escape hatch in the ceiling here.
Duvessa barely misses you. A mysterious force pulls you upwards.
The hatch slams shut behind you.
Press: ? - help, Shift-Dir - straight line, f - Duvessa
Aim: Duvessa, wielding a +0 short sword and wearing a +0 scale mail (moderately wounded, berserk, chance to affect: 71%)
You fail to use your ability.
Duvessa barely misses you.
You don't know any spells.
Press: ? - help, Shift-Dir - straight line, f/p - Duvessa
Aim: Duvessa, wielding a +0 short sword and wearing a +0 scale mail (moderately wounded, berserk, chance to affect: 71%)
You fail to use your ability.
Duvessa barely misses you.
You don't know any spells.
Press: ? - help, Shift-Dir - straight line, f/p - Duvessa
Aim: Duvessa, wielding a +0 short sword and wearing a +0 scale mail (moderately wounded, berserk, chance to affect: 71%) Duvessa struggles to resist.
Duvessa hits you with a +0 short sword!
You die...

###.................#..⌠.....⌠..#
...................###........)##
###.#..##.)......#.#.###.....###
......###........#....####'###
...#####...........##........#
.### #...........##........# .#
####.................<...#
.####............e..#........#
..).............@.###........#
....#.......>....## ###.###..#
....#............# #.# ##.##
..#.............## #.# #..#
..###........#..# #.# ##.#
...##........#.## #.# #.#
...............########.# #.#
##......................#####>###
#.....####....###########........


You could see Duvessa (berserk).

Vanquished Creatures
  2 water moccasins
  2 orc warriors (D:6)
  A sky beast (D:5)
  An ice beast (D:5)
  Blork the orc (D:5)
  A kobold brigand (D:6)
  3 scorpions
  A necrophage (D:4)
  Dowan (D:6)
  A gnoll shaman (D:5)
  2 jellies (D:6)
  3 orc priests
  6 hounds
  Ijyb (D:5)
  3 iguanas (D:6)
  3 orc wizards
  Robin (D:4)
  5 gnolls
  4 adders
  A white imp (D:5)
  An ufetubus (D:5)
  4 worms
  A dart slug (D:1)
  21 orcs
  8 ball pythons
  9 endoplasms
  6 giant cockroaches
  7 goblins
  20 hobgoblins
  6 jackals
  10 kobolds
  A quokka (D:3)
  8 bats
  2 frilled lizards (D:2)
  8 rats
155 creatures vanquished.

Notes
Turn   | Place    | Note
-------+----------+-------------------------------------------
     0 | Abyss:1  | croobank the Demonspawn Abyssal Knight began the quest for
                  | the Orb.
     0 | Abyss:1  | Reached XP level 1. HP: 18/18 MP: 2/2
    13 | D:1      | Escaped the Abyss
    24 | D:1      | Found a faded altar of an unknown god.
    68 | D:1      | Reached skill level 1 in Dodging
   260 | D:1      | Found Furphe's Jewellery Emporium.
   427 | D:1      | Gained mutation: You regenerate a little health from kills.
                  | [demonic ancestry]
   427 | D:1      | Reached XP level 2. HP: 16/24 MP: 4/4
   813 | D:1      | Found a shimmering altar of Xom.
  1065 | D:2      | Reached *** piety under Lugonu
  1066 | D:2      | Reached skill level 3 in Invocations
  1110 | D:2      | Reached XP level 3. HP: 29/29 MP: 5/5
  1676 | D:3      | Gained mutation: When seriously injured, your blood forms
                  | armour. (AC +6) [demonic ancestry]
  1676 | D:3      | Reached XP level 4. HP: 18/35 MP: 6/6
  2258 | D:3      | Found a stormy altar of Qazlal.
  2342 | D:3      | Identified the +7 hand axe of the Penguin {vorpal, Int+7
                  | Dex+5}
  3135 | D:4      | Noticed a necrophage
  3145 | D:4      | Killed a necrophage
  3146 | D:4      | Gained mutation: You have a pair of small horns on your
                  | head. [demonic ancestry]
  3146 | D:4      | Reached XP level 5. HP: 32/42 MP: 7/7
  3258 | D:4      | Reached skill level 4 in Invocations
  3348 | D:4      | Gained mutation: You regenerate health from kills. [demonic
                  | ancestry]
  3348 | D:4      | Reached XP level 6. HP: 47/48 MP: 9/9
  3390 | D:4      | Noticed Robin
  3403 | D:4      | Reached **** piety under Lugonu
  3410 | D:4      | Killed Robin
  3915 | D:5      | Entered Level 5 of the Dungeon
  3922 | D:5      | Noticed an ice beast
  3933 | D:5      | Killed an ice beast
  3933 | D:5      | Noticed Ijyb
  3934 | D:5      | Reached XP level 7. HP: 28/55 MP: 10/10
  4011 | D:5      | Reached skill level 5 in Invocations
  4103 | D:5      | Found Moll's Armour Emporium.
  4104 | D:5      | Found Luezyf's Weapon Shoppe.
  4151 | D:5      | Noticed Blork the orc
  4163 | D:5      | Killed Blork the orc
  4184 | D:5      | Killed Ijyb
  4341 | D:5      | Identified the +4 pair of gloves "Osipotam" {Stlth+}
  4377 | D:5      | Reached ***** piety under Lugonu
  4479 | D:5      | Found a broken altar of Ashenzari.
  4479 | D:5      | Found an opulent altar of Gozag.
  4696 | D:6      | Reached skill level 5 in Fighting
  4856 | D:5      | Reached XP level 8. HP: 62/62 MP: 12/12
  4893 | D:6      | Found a glowing drain.
  4899 | Sewer    | Entered a sewer
  4925 | Sewer    | Reached skill level 6 in Invocations
  5218 | D:1      | Bought an amulet of regeneration for 360 gold pieces
  5610 | D:6      | Reached skill level 7 in Invocations
  5644 | D:6      | Noticed Duvessa
  5644 | D:6      | Noticed Dowan
  5649 | D:6      | Killed Dowan
  5650 | D:6      | Reached skill level 5 in Armour
  5662 | D:6      | HP: 3/64 [Duvessa/+0 short sword (7)]
  5672 | D:5      | Slain by Duvessa

Illustrated notes

Levels and vault maps discovered:
D:1:      sevenhm_arrival_forest_fort_small_6, layout_loops_cross,
          hellmonk_ecumenical_altar_run_dry, serial_shops,
          nicolae_shop_hallway_stairs, minmay_split_cup_small
D:2:      layout_rooms, kennysheep_generic_room_8
D:3:      layout_basic, mainiacjoe_overflow_alcove_2, amcnicky_mini_pool_small,
          hangedman_decor_clover_reticule
D:4:      layout_gridville, uniq_robin
D:5:      layout_rooms, gammafunk_temple_overflow_pools, serial_shops,
          nicolae_shop_behind_doors, shop, uniq_blork_the_orc, uniq_ijyb
D:6:      minmay_general_purpose_star, layout_basic, lightli_sewer_entry_pipes,
          uniq_duvessa

Skill      XL: |  1  2  3  4  5  6  7  8 |
---------------+-------------------------+-----
Dodging        | 1 2 3 4 |  4.5
Axes           | 2 3 4 |  4.9
Armour         | 2 3 4 5 |  5.0
Invocations    | 3 4 5 7 |  7.1
Fighting       | 4 5 |  5.9

Action                   |  1- 3 |  4- 6 |  7- 9 || total
-------------------------+-------+-------+-------++-------
Melee: Hand axe          |   128 |    96 |   179 ||   403
       Whip              |       |    15 |       ||    15
       Headbutt          |       |     6 |    38 ||    44
       Punch             |       |     1 |     2 ||     3
 Fire: Hunting sling     |       |       |     5 ||     5
Throw: Javelin           |       |     3 |       ||     3
Invok: Banish            |       |       |     1 ||     1
Evoke: Wand              |       |       |     6 ||     6
  Use: Scroll            |     7 |     2 |     3 ||    12
       Potion            |       |       |     4 ||     4
 Stab: Sleeping          |       |     1 |     4 ||     5
Armor: Leather armour    |    10 |       |       ||    10
       Ring mail         |    63 |    48 |    55 ||   166
       Plate armour      |       |       |     5 ||     5
Dodge: Dodged            |    83 |    75 |   134 ||   292

Table legend: (Time is in decaauts)
 A = Elapsed time spent in this place.
 B = Non-inter-level travel time spent in this place.
 C = Inter-level travel time spent in this place.
 D = Time resting spent in this place.
 E = Time spent auto-exploring this place.
 F = Levels seen in this place.
 G = Mean time per level.
                   A        B        C        D        E       F      G
               +--------+--------+--------+--------+--------+-----+--------+
         Total |   5752 |   5481 |    271 |    689 |   3331 |   8 |  719.0 |
       Dungeon |   5672 |   5401 |    271 |    689 |   3288 |   6 |  945.3 |
         Abyss |     13 |     13 |      0 |      0 |      4 |   1 |   13.0 |
         Sewer |     67 |     67 |      0 |      0 |     39 |   1 |   67.0 |
               +--------+--------+--------+--------+--------+-----+--------+

Top non-repeatable levels by time:
     D:3: 1807 daAuts
     D:5: 986 daAuts
     D:1: 885 daAuts
     D:4: 831 daAuts
     D:6: 637 daAuts
     D:2: 524 daAuts
   Sewer: 67 daAuts
 Abyss:1: 13 daAuts
